 Dungeon Crawl Stone Soup version 0.19-a0-1717-gc7c1317 (webtiles) character file.

21 Psiweapon the Ruffian (level 2, -1/23 HPs)
             Began as a Minotaur Transmuter on Sept 29, 2016.
             Slain by a crimson imp (2 damage)
             ... summoned by Natasha
             ... on level 2 of the Dungeon.
             The game lasted 00:02:48 (940 turns).

Psiweapon the Ruffian (Minotaur Transmuter)          Turns: 940, Time: 00:02:48

Health: -1/23      AC:  7    Str: 14    XL:     2   Next: 62%
Magic:  3/3        EV: 12    Int: 10    God:
Gold:   100        SH:  0    Dex: 10    Spells: 1 memorised, 2 levels left

rFire  + . .     SeeInvis .       - Unarmed
rCold  . . .     Gourm    .     p - +2 robe {rF+}
rNeg   . . .     Faith    .     (no shield)
rPois  .         Spirit   .     (helmet restricted)
rElec  .         Dismiss  .     t - +1 cloak
rCorr  .         Reflect  .     (no gloves)
MR     .....     Harm     .     (no boots)
Stlth  +.........               (no amulet)
                                (no ring)
                                (no ring)

@: slowed, very slow
A: retaliatory headbutt, horns 2
a: no special abilities


You were on level 2 of the Dungeon.
You were not hungry.

You visited 1 branch of the dungeon, and saw 2 of its levels.

You collected 100 gold pieces.

Inventory:

Missiles
 a - 32 arrows
 f - 62 stones (quivered)
 l - 14 bolts
 q - 5 tomahawks
Armour
 b - a +0 robe
 h - a +0 ring mail
 p - a +2 robe of fire resistance (worn)
 t - a +1 cloak (worn)
Scrolls
 g - a scroll of magic mapping {unknown}
 j - 2 scrolls of identify {unknown}
 k - a scroll of noise {unknown}
 m - a scroll of immolation {unknown}
 n - 2 scrolls of blinking {unknown}
 r - a scroll of random uselessness {unknown}
 x - a scroll of teleportation {unknown}
Potions
 e - a potion of heal wounds {unknown}
 i - a potion of beneficial mutation {unknown}
 o - 2 potions of might {unknown}
 s - 2 potions of magic {unknown}
 u - a potion of brilliance {unknown}
 v - a potion of ambrosia {unknown}
Books
 c - a book of Changes

   Spells                             Type                      Level
   a - Beastly Appendage              Transmutation                1
   b - Sticks to Snakes               Transmutation                2
   c - Spider Form                    Transmutation/Poison         3
   d - Ice Form                       Ice/Transmutation            4
   e - Blade Hands                    Transmutation                5
Comestibles
 d - 2 bread rations
 w - 4 chunks of flesh


   Skills:
 - Level 1.2 Fighting
 - Level 2.2 Dodging
 - Level 3.3 Unarmed Combat
 - Level 1.3 Spellcasting
 + Level 2.5 Transmutations


You had 2 spell levels left.
You knew the following spells:

 Your Spells              Type           Power        Failure   Level  Hunger
a - Beastly Appendage     Tmut           #.....       14%         1    ##.....


Dungeon Overview and Level Annotations

Branches:
Dungeon (2/15)

Altars:
Ashenzari
Zin

Annotations:
D:2 Natasha


Innate Abilities, Weirdness & Mutations

You reflexively headbutt those who attack you in melee.
You have a pair of horns on your head.


Message History

Natasha casts a spell at you. The magic dart hits you!
* * * LOW HITPOINT WARNING * * *
Natasha mumbles some strange words.
You barely miss Natasha.
Natasha is severely wounded.
Natasha mumbles some strange words.
You hit Natasha but do no damage.
Natasha is severely wounded.
Natasha claws you but does no damage.
You hit Natasha but do no damage. Your headbutt misses Natasha.
Natasha is severely wounded.
Natasha misses you.
The crimson imp hits you but does no damage.
The iron imp hits you but does no damage.
Natasha barely misses you.
You closely miss Natasha.
Natasha is severely wounded.
The crimson imp hits you.
You die...

...# #...
..#+##....
..........
#..)....?.
#........#
#........#
#<.......#
#..5.....+
#.@h.....#
#.5......#
#........#
##########


You could see an iron imp, Natasha and a crimson imp.

Vanquished Creatures
  A ball python (D:1)
  A bat (D:1)
  2 giant cockroaches (D:1)
  4 goblins (D:1)
  4 jackals (D:1)
  3 kobolds (D:1)
  3 rats (D:1)
18 creatures vanquished.

Notes
Turn   | Place    | Note
-------+----------+-------------------------------------------
     0 | D:1      | Psiweapon the Minotaur Transmuter began the quest for the Orb.
     0 | D:1      | Reached XP level 1. HP: 16/16 MP: 1/1
   122 | D:2      | Found a glowing silver altar of Zin.
   301 | D:1      | Reached XP level 2. HP: 21/23 MP: 3/3
   395 | D:2      | Found a shattered altar of Ashenzari.
   919 | D:2      | Noticed Natasha
   936 | D:2      | HP: 1/23 [Natasha/magic dart (2)]
   938 | D:2      | Noticed a crimson imp
   940 | D:2      | Slain by a crimson imp

Vault maps used:
D:1:      lemuel_arrival_behind_the_door_small, minmay_tromino_v4_c
D:2:      old_standard_altar, grunt_temple_overflow_open, zin_statuary,
          uniq_natasha

Skill      XL: |  1 |
---------------+----+-----
Transmutations | 2 |  2.5
Fighting       | |  1.2
Dodging        | |  2.2
Unarmed Combat | |  3.3
Spellcasting   | |  1.3

Action                   || total
-------------------------++-------
Melee: Unarmed           ||    54
       Headbutt          ||     6
       Kick              ||     6
Throw: Stone             ||     5
 Cast: Beastly Appendage ||     2
Armor: Robe              ||    18
Dodge: Dodged            ||    25
